Workbook

Sheet Акт
A1: АКТ № 75/20-2017
A2: приемки оказанных услуг и (или) выполненных работ по содержанию и текущему ремонту общего имущества в многоквартирном доме № 20 квартала 75.
A3: г. Ангарск | D3: "31" марта 2018 г.
A5: Наименование вида работы (услуги) | B5: Периодичность/ количественный показатель выполненной работы (оказанной услуги) | C5: Единица измерения работы (услуги) | D5: Стоимость /сметная стоимость выполненной работы (оказанной услуги) за единицу | E5: Цена выполненной работы (оказанной услуги), в рублях
A6: Аварийное обслуживание
A7: Аварийное обслуживание | B7: Ежедневно | C7: руб. | D7: =E7 -> 1609.92 | E7: 1609.92
A8: Благоустройство
A9: Валка деревьев в городских условиях: (дуб, бук, граб, клен, ясень) д. до 300мм | B9: 1 | C9: 1 м3 | D9: =E9/B9 -> 1818.05 | E9: 1818.05
A10: Валка деревьев в городских условиях: (липа, сосна, кедр, тополь) д. более 300мм | B10: 1 | C10: 1 м3 | D10: =E10/B10 -> 2144.03 | E10: 2144.03
A11: Валка деревьев с прим. автогидроподъемника без корчевки пня м-лиственных, тв-лиственных при д. до 36 | B11: 1.15 | C11: 1 м3 | D11: =E11/B11 -> 3689.8174 | E11: 4243.29
A12: Валка деревьев с прим. автогидроподъемника без корчевки пня породы тополь при д. ствола до 100 см | B12: 9.42 | C12: 1 м3 | D12: =E12/B12 -> 751.88641 | E12: 7082.77
A13: Выкашивание газонов | B13: 3000 | C13: м2 | D13: =E13/B13 -> 3.9500033 | E13: 11850.01
A14: Разделка древесины мягких пород, полученной от валки леса, диам. стволов:более 32 см | B14: 0.04 | C14: 100 шт. | D14: =E14/B14 -> 36876.25 | E14: 1475.05
A15: Вывоз и утилизация ТКО, в т.ч. крупногабаритного мусора
A16: Услуги по вывозу и утилизации ТБО, в т.ч. крупногабаритного мусора | B16: Ежедневно | C16: руб. | D16: =E16 -> 24768 | E16: 24768
A17: Обслуживание и текущий ремонт электрооборудования жилых домов
A18: Замена перегоревшей электролампы | B18: 2 | C18: 1 электролампа | D18: =E18/B18 -> 54.66 | E18: 109.32
A19: Обслуживание и текущий ремонт электрооборудования жилых домов | B19: По плану | C19: руб. | D19: =E19 -> 3890.25 | E19: 3890.25
A20: Обслуживание инженерного оборудования
A21: Вскрытие элеваторов со снятием с места и замером сопла (прим) | B21: 0.01 | C21: 100 шт. | D21: =E21/B21 -> 185373 | E21: 1853.73
A22: Запуск потока воды: отопление, ГВС | B22: 2 | C22: 1 узел | D22: =E22/B22 -> 74.12 | E22: 148.24
A23: Запуск системы отопления. | B23: 1 | C23: 1 здание | D23: =E23/B23 -> 796.94 | E23: 796.94
A24: Опрессовка ТУ диаметром: до 50 мм | B24: 0.07 | C24: 100 м | D24: =E24/B24 -> 3731 | E24: 261.17
A25: Осмотр подвальных помещений (засоры, подпоры) прим. | B25: 0.27 | C25: 1000 м2 | D25: =E25/B25 -> 1551.8519 | E25: 419
A26: Осмотр системы центрального отопления, устройств в чердачных и подвальных помещениях. | B26: 0.851 | C26: 1000 м2 | D26: =E26/B26 -> 1590.0823 | E26: 1353.16
A27: Осмотр СТО | B27: 0.06 | C27: 100 квартир | D27: =E27/B27 -> 22259.667 | E27: 1335.58
A28: Осмотр СТО в чердачных и подвальных помещениях (весенний и осенний) | B28: 0.63 | C28: 1000 м2 | D28: =E28/B28 -> 1559.0952 | E28: 982.23
A29: Осмотр, РХВ замеры | B29: 0.05 | C29: 100 шт. | D29: =E29/B29 -> 23046.2 | E29: 1152.31
A30: Отключение системы отопления (консервация) - прим. | B30: 1 | C30: 1 здание | D30: =E30/B30 -> 384.58 | E30: 384.58
A31: Очистка канализационной сети: внутренней | B31: 0.06 | C31: 100 м | D31: =E31/B31 -> 13612.667 | E31: 816.76
A32: Переборка сборки диаметром: 20 мм | B32: 2 | C32: 1 участок | D32: =E32/B32 -> 899.47 | E32: 1798.94
... A39: Уплотнение сгонов с применением льняной пряди или асбестового шнура (без разборки сгонов) | B39: 2 | C39: 1 соединение | D39: =E39/B39 -> 58.34 | E39: 116.68
A40: Обслуживание конструктивных элементов
A41: Осмотр кровли, чердака | B41: 0.64 | C41: 1000 м2 | D41: =E41/B41 -> 1621.5156 | E41: 1037.77
A42: Осмотр кровли, чердака, подъездов, подвального помещения - весенний осмотр | B42: 0.689 | C42: 1000 м2 | D42: =E42/B42 -> 1641.6981 | E42: 1131.13
A43: Осмотр СТО в чердачных и подвальных помещениях (весенний и осенний) | B43: 0.68 | C43: 1000 м2 | D43: =E43/B43 -> 1613.3971 | E43: 1097.11
A44: Очистка желобов от мусора: вручную (при расчете 1 кг. мусора = 3 м 1 желоба) | B44: 110 | C44: м | D44: =E44/B44 -> 55.236636 | E44: 6076.03
A45: Очистка кровли от снега, сбивание сосулей | B45: 38 | C45: 1 м 2 основания | D45: =E45/B45 -> 43.177105 | E45: 1640.73
A46: Расходы на истребование задолженности по оплате жилых помещений
A47: Истребование дебиторской задолженности | B47: По факту | C47: руб. | D47: =E47 -> 2000 | E47: 2000
A48: Текущий ремонт инженерного оборудования
A49: Очистка фильтра от накипи (отложений) | B49: 2 | C49: шт | D49: =E49/B49 -> 936.9 | E49: 1873.8
A50: Ремонт элеваторов со снятием с места (прим) | B50: 0.02 | C50: 100 шт. | D50: =E50/B50 -> 221014.5 | E50: 4420.29
A51: Смена обратного клапана м/фланцевого Д-25 | B51: 1 | C51: шт | D51: =E51/B51 -> 1119.63 | E51: 1119.63
A52: Смена отдельных участков трубопроводов из стальных водогазопроводных неоцинкованных труб д-м: 25 мм | B52: 1 | C52: 1 участок | D52: =E52/B52 -> 912.9 | E52: 912.9
A53: Текущий ремонт конструктивных элементов жилых зданий
A54: Ремонт дверных полотен (выдергивание гвоздей, подгонка, установка, укрепление притворной планки) | B54: 1 | C54: шт | D54: =E54/B54 -> 302.84 | E54: 302.84
A55: Ремонт слухового окна с заменой брусков: с изготовлением элементов по размеру и профилю | B55: 0.01 | C55: 100 шт. | D55: =E55/B55 -> 82963 | E55: 829.63
A56: Смена дверных приборов: навесного замка | B56: 0.05 | C56: 100 приборов | D56: =E56/B56 -> 23361.6 | E56: 1168.08
A57: Смена дверных приборов: накладка дверная | B57: 0.01 | C57: 100 приборов | D57: =E57/B57 -> 32505 | E57: 325.05
A58: Смена дверных приборов: петли | B58: 0.02 | C58: 100 приборов | D58: =E58/B58 -> 51838.5 | E58: 1036.77
A59: Смена дверных приборов: ручки-скобы | B59: 0.01 | C59: 100 приборов | D59: =E59/B59 -> 21221 | E59: 212.21
A60: Смена стекол в деревянных переплетах при площади стекла до: 0,25 м | B60: 0.002 | C60: 100 м2 | D60: =E60/B60 -> 192805 | E60: 385.61
A61: Укрепление дверных приборов: петли (шарниры), шпингалеты, ручки накладные | B61: 0.05 | C61: 100 шт. | D61: =E61/B61 -> 41102.6 | E61: 2055.13
A62: Транспортные расходы
A63: Услуги а/вышки | B63: По факту | C63: руб. | D63: =E63 -> 4545.49 | E63: 4545.49
A64: Услуги автотранспорта | B64: По факту | C64: руб. | D64: =E64 -> 4678.58 | E64: 4678.58
A65: Уборка лестничных клеток
A66: Уборка л/клеток | B66: Еженедельно | C66: м2 | D66: =E66 -> 12074.4 | E66: 12074.4
A67: Уборка придомовой территории
A68: Уборка придомовой территории | B68: Еженедельно | C68: м2 | D68: =E68 -> 36161.28 | E68: 36161.28
A69: Уборка чердаков и подвалов
A70: Очистка чердаков и подвалов | B70: 166.2 | C70: м2 | D70: =E70/B70 -> 7.05 | E70: 1171.71
A71: Услуги по управлению МКД
A72: Услуги по управлению МКД | B72: Ежедневно | C72: руб. | D72: =E72 -> 15879.44 | E72: 15879.44
A73: Итого: | E73: =SUM(E7:E72) -> 184983.66
A75: Всего за период с "01" января 2017 г. по "31"декабря 2017 г. выполнено работ (оказано услуг)
A76: на общую сумму 190 709,26 (Сто девяносто тысяч семьсот девять) рублей 26 коп.
A77: Работы (услуги) выполнены (оказаны) полностью, в установленные сроки, с надлежащим качеством.
A78: Претензий по выполнению условий Договора Стороны друг к другу не имеют.
A79: Настоящий Акт составлен в 2-х экземплярах, имеющих одинаковую юридическую силу,
A80: по одному для каждой из Сторон.
A82: Подписи Сторон:
A84: Исполнитель - Директор ООО "ЖЭУ № 6" Плотников А.А. | C84: __________________________
A85: (должность, ФИО) | C85: (подпись)
A87: Заказчик - ____________________________________________________ | C87: __________________________
A88: (ФИО) | C88: (подпись)

Sheet Бюджет
A1: Отчет по бюджету № 75/20-2017
A3: Период: с 01.01.2017 по 31.12.2017 года.
A5: Строение / По типу работ | B5: Расходы | C5: Начисления | D5: Поступления
A6: Долг за выполненные работы на 01.01.2017 г. | D6: 189320.23
A7: Cодержание жилья | C7: 132308.04 | D7: 125109.73
A8: Вывоз и утилизация ТКО | C8: 24753.6 | D8: 23875.84
A9: Обслуживание ВДГО | C9: 1732.8 | D9: 3942.5
A10: Аварийное обслуживание | B10: =Акт!E7 -> 1609.92
A11: Благоустройство | B11: =SUM(Акт!E9:E14) -> 28613.2
A12: Вывоз и утилизация ТКО, в т.ч. крупногабаритного мусора | B12: =Акт!E16 -> 24768
A13: Обслуживание и текущий ремонт электрооборудования жилых домов | B13: =SUM(Акт!E18:E19) -> 3999.57
A14: Обслуживание инженерного оборудования | B14: =SUM(Акт!E21:E39) -> 23857.36
A15: Обслуживание конструктивных элементов | B15: =SUM(Акт!E41:E45) -> 10982.77
A16: Расходы на истребование задолженности по оплате жилых помещений | B16: =Акт!E47 -> 2000
A17: Текущий ремонт инженерного оборудования | B17: =SUM(Акт!E49:E52) -> 8326.62
A18: Текущий ремонт конструктивных элементов жилых зданий | B18: =SUM(Акт!E54:E61) -> 6315.32
A19: Транспортные расходы | B19: =SUM(Акт!E63:E64) -> 9224.07
A20: Уборка лестничных клеток | B20: =Акт!E66 -> 12074.4
A21: Уборка придомовой территории | B21: =Акт!E68 -> 36161.28
A22: Уборка чердаков и подвалов | B22: =Акт!E70 -> 1171.71
A23: Услуги по управлению МКД | B23: =Акт!E72 -> 15879.44
A24: Итого: | B24: =SUM(B7:B23) -> 184983.66 | C24: =SUM(C7:C23) -> 158794.44 | D24: =SUM(D7:D23) -> 152928.07
A25: Долг за выполненные работы (доходы за минусом расходов) на 01.01.2018 г. - 227 101,42 руб. | E25: =D24-D6-B24 -> -221375.82
A26: Задолженность по оплате за содержание и текущий ремонт на 01.01.2018 г. - 38 048,53 руб.
A28: Директор ООО "ЖЭУ №6" Плотников А.А. __________________
A29: Отчет составил: экономист Сундукова Ю.А. _______________
A30: Отчет получил: ________________________________________________________
A31: Дата __________________

Sheet 2018
A1: Отчет по бюджету № 75/20-2018
A3: Период: с 01.01.2018 по 31.12.2018 года.
A5: ОБЩИЕ СВЕДЕНИЯ ОБ ОБЪЕКТЕ
A6: Этажность | B6: 3 | C6: Общая жилая площадь, м2 | D6: 1032 | E6: Площадь кровли, м2 | F6: 643.4
A7: Количество подъездов | B7: 2 | C7: Площадь нежилых помещений, м2 | D7: 0 | E7: Площадь чердаков, м2 | F7: 415.1
A8: Количество квартир | B8: 18 | C8: Площадь л/ клеток, тамбуров, лифтов, м/камер, м2 | D8: 108.2 | E8: Площадь подвалов, м2 | F8: 166.2
A11: Наименование | F11: Значение
A12: Списание долга за выполненые работы на 01.01.2015 | F12: 133262.54
A13: Корректировка бюджета за 2017 год | F13: 5837.32
A14: Переходящие остатки денежных средств за выполненые работы (на начало периода; + резерв, - долг) | F14: =-227101.42+F12+F13 -> -88001.56
A15: Задолженность по оплате за содержание и текущий ремонт общего имущества МКД (на начало периода) | F15: 35612.8
A16: Начислено за работы (услуги) по содержанию и текущему ремонту и аренду общего имущества МКД, в том числе: | F16: =SUM(F17:F19) -> 173376
A17: - за жилые помещения | F17: 173376
A18: - за нежилые помещения
A19: - за рекламу и аренду общего имущества МКД
A20: Получено денежных средств, в т. ч: | F20: =SUM(F21:F23) -> 205869.73
A21: - за жилые помещения | F21: 205869.73
A22: - за нежилые помещения
A23: - за рекламу и аренду общего имущества МКД
A24: Всего денежных средств с учетом остатков | F24: =F14+F20 -> 117868.17
A25: Выполненные работы (оказанные услуги) по содержанию общего имущества и текущему ремонту в отчетном периоде | F25: ='Акт (2)'!E74 -> 154006.42
A26: Переходящие остатки денежных средств за выполненые работы (на конец периода; + резерв, - долг) | F26: =F24-F25 -> -36138.254
A27: Задолженность по оплате за содержание и текущий ремонт общего имущества МКД (на конец периода) | F27: =F15+F16-F20 -> 3119.07
A29: Директор ООО "ТРЭК" Плотников А.А. __________________
A30: Отчет составил: экономист Осипова М.С. _______________
A31: Отчет получил: ________________________________________________________
A32: Дата __________________

Sheet Акт (2)
A1: АКТ № 75/20-2018
A2: приемки оказанных услуг и (или) выполненных работ по содержанию и текущему ремонту общего имущества в многоквартирном доме № 20 квартала 75.
A3: г. Ангарск | D3: "31" марта 2019 г.
A5: Наименование вида работы (услуги) | B5: Периодичность/ количественный показатель выполненной работы (оказанной услуги) | C5: Единица измерения работы (услуги) | D5: Стоимость /сметная стоимость выполненной работы (оказанной услуги) за единицу | E5: Цена выполненной работы (оказанной услуги), в рублях
A6: Аварийное обслуживание
A7: Аварийное обслуживание | B7: Ежедневно | C7: руб. | D7: =E7 -> 1609.92 | E7: 1609.92
A8: Благоустройство
A9: Валка деревьев в городских условиях: (дуб, бук, граб, клен, ясень) д. до 300мм | B9: 0.87 | C9: 1 м3 | D9: =E9/B9 -> 1540.5402 | E9: 1340.27
A10: Вывозка порубочных остатков на расстояние 22 км (класс груза 3) | B10: 0.82 | C10: т | D10: =E10/B10 -> 741.14634 | E10: 607.74
A11: Окраска известковыми составами: по кирпичу и бетону (бордюр. столбики, столбы) | B11: 0.223 | C11: 100 м2 | D11: =E11/B11 -> 4717.9372 | E11: 1052.1
A12: Погрузка порубочных остатков | B12: 0.82 | C12: т | D12: =E12/B12 -> 517.12195 | E12: 424.04
A13: Утилизация парубочных отходов | B13: 0.82 | C13: т | D13: =E13/B13 -> 1285.0488 | E13: 1053.74
A14: Вывоз и утилизация ТКО, в т.ч. крупногабаритного мусора
A15: Вывоз и утилизация ТКО, в т.ч. крупногабаритный мусор | B15: Ежедневно | C15: руб. | D15: =E15 -> 24768 | E15: 24768
A16: Дезинсекция и дератизация
A17: Дезинсекция и дератизация | B17: По договору | C17: руб. | D17: =E17 -> 299.16 | E17: 299.16
A18: Изготовление плана благоустройства
A19: Изготовление плана благоустройства | B19: По договору | C19: руб. | D19: =E19 -> 4026.6 | E19: 4026.6
A20: Обслуживание газового оборудования
A21: Техобслуживание газового оборудования | B21: По договору | C21: 1 стояк | D21: =E21 -> 3265.99 | E21: 3265.99
A22: Обслуживание и текущий ремонт электрооборудования жилых домов
A23: Облуж.и текущий ремонт э/установок дома | B23: По плану | C23: руб. | D23: =E23 -> 2537.08 | E23: 2537.08
A24: Обслуживание инженерного оборудования
A25: Запуск потока воды: отопление, ГВС | B25: 1 | C25: 1 узел | D25: =E25/B25 -> 83.75 | E25: 83.75
A26: Запуск системы отопления. | B26: 1 | C26: 1 здание | D26: =E26/B26 -> 839.52 | E26: 839.52
A27: Опрессовка ТУ диаметром: до 50 мм | B27: 0.07 | C27: 100 м | D27: =E27/B27 -> 6095.4286 | E27: 426.68
A28: Осмотр выпусков канализации (засоры, подпоры) прим. | B28: 1 | C28: 1 здание | D28: =E28/B28 -> 254.67 | E28: 254.67
A29: Осмотр СТО | B29: 0.01 | C29: 100 квартир | D29: =E29/B29 -> 24540 | E29: 245.4
A30: Осмотр СТО в чердачных и подвальных помещениях (весенний и осенний) | B30: 1.705 | C30: 1000 м2 | D30: =E30/B30 -> 1679.5484 | E30: 2863.63
A31: Осмотр, РХВ замеры | B31: 0.01 | C31: 100 шт. | D31: =E31/B31 -> 25840 | E31: 258.4
A32: Отключение системы отопления (консервация) - прим. | B32: 1 | C32: 1 здание | D32: =E32/B32 -> 503.4 | E32: 503.4
A33: Перевод отопления с подачи на обратку или с обратки на подачу | B33: 3 | C33: узел | D33: =E33/B33 -> 217.75667 | E33: 653.27
A34: Перекрытие потока воды: отопление, ГВС | B34: 1 | C34: 1 узел | D34: =E34/B34 -> 67.25 | E34: 67.25
A35: Подготовка элеваторного узла Д-50 к зиме | B35: 1 | C35: шт | D35: =E35/B35 -> 3485.03 | E35: 3485.03
A36: Регулировка системы отопления | B36: 1 | C36: шт | D36: =E36/B36 -> 1254.21 | E36: 1254.21
... A40: Снятие и запись замера в наряде (ИТП,РХВ) | B40: 29 | C40: 1 ИТП | D40: =E40/B40 -> 254.29931 | E40: 7374.68
A41: Обслуживание конструктивных элементов
A42: Закрытие подъездного окна | B42: 0.1 | C42: 10 шт. | D42: =E42/B42 -> 1888.9 | E42: 188.89
A43: Осмотр подвальных помещениях (засоры, подпоры) | B43: 0.27 | C43: 1000 м2 | D43: =E43/B43 -> 1698.5556 | E43: 458.61
A44: Осмотр кровли, чердака, подъездов, подвального помещения -подготовка к зиме | B44: 0.689 | C44: 1000 м2 | D44: =E44/B44 -> 1651.3353 | E44: 1137.77
A45: Очистка канализационного стояка от наледи | B45: 1 | C45: 1 стояк | D45: =E45/B45 -> 195.31 | E45: 195.31
A46: Плановые проверки вентиляционных каналов и оголовков | C46: м2 | D46: =E46 -> 1966.1 | E46: 1966.1
A47: Проверка исправности канализационных вытяжек (по жалобе) | B47: 0.2 | C47: 1000 м2 | D47: =E47/B47 -> 1764.15 | E47: 352.83
A48: Проверка наличия тяги в ДВ и вент. каналах | B48: 0.05 | C48: 1000 м2 | D48: =E48/B48 -> 1765.6 | E48: 88.28
A49: Смена дверных приборов: навесного замка | B49: 0.01 | C49: 100 приборов | D49: =E49/B49 -> 28743 | E49: 287.43
A50: Смена дверных приборов: накладка дверная | B50: 0.01 | C50: 100 приборов | D50: =E50/B50 -> 30495 | E50: 304.95
A51: Укрепление дверных приборов: петли (шарниры), шпингалеты, ручки накладные | B51: 0.02 | C51: 100 шт. | D51: =E51/B51 -> 42085 | E51: 841.7
A52: Расходы на истребование задолженности по оплате жилых помещений
A53: Истребование дебиторской задолженности | B53: По факту | C53: руб. | D53: =E53 -> 6000 | E53: 6000
A54: Текущий ремонт инженерного оборудования
A55: Осмотр замеры рамок холодной воды | B55: 0.01 | C55: чел.-ч | D55: =E55/B55 -> 25297 | E55: 252.97
A56: Ремонт, укрепление металлических ограждении | B56: 12 | C56: м2 | D56: =E56/B56 -> 769.42833 | E56: 9233.14
A57: Текущий ремонт конструктивных элементов жилых зданий
A58: Демонтаж аншлагов над подъездами | B58: 0.01 | C58: 100 шт. | D58: =E58/B58 -> 12931 | E58: 129.31
A59: Постановка заклепок в местах соединения труб | B59: 0.15 | C59: 100 шт. | D59: =E59/B59 -> 3219.8 | E59: 482.97
A60: Ремонт отдельных мест покрытия из асбоцементных листов: обыкновенного профиля (мат. БУ) | B60: 1.925 | C60: м2 | D60: =E60/B60 -> 258.04156 | E60: 496.73
A61: Смена частей водосточных труб: прямых звеньев с земли, лестниц или подмостей | B61: 0.011 | C61: 100 м | D61: =E61/B61 -> 46230.909 | E61: 508.54
A62: Смена: колен водосточных труб | B62: 0.01 | C62: 100 шт. | D62: =E62/B62 -> 54376 | E62: 543.76
A63: Установка аншлага | B63: 0.01 | C63: 100 шт. | D63: =E63/B63 -> 200932 | E63: 2009.32
A64: Установка досок объявлений с изготовлением | B64: 0.01 | C64: 100 шт. | D64: =E64/B64 -> 41640 | E64: 416.4
A65: Транспортные расходы
A66: Услуги автотранспорта | B66: По факту | C66: руб. | D66: =E66 -> 3800 | E66: 3800
A67: Уборка лестничных клеток
A68: Уборка л/клеток | B68: По тарифу | C68: м2 | D68: =E68 -> 14489.28 | E68: 14489.28
A69: Уборка придомовой территории
A70: Уборка придомовой территории | B70: По тарифу | C70: м2 | D70: =E70 -> 34295.65 | E70: 34295.65
A71: Услуги по вывозу и утилизации листвы, веток, деревьев, скошенной травы , смета и др. | B71: По факту | C71: руб. | D71: =E71 -> 607.01 | E71: 607.01
A72: Услуги по управлению МКД
A73: Услуги по управлению МКД | B73: Ежедневно | C73: руб. | D73: =E73 -> 14000.584 | E73: =SUM(E7:E71)*10% -> 14000.584
A74: Итого: | E74: =SUM(E7:E73) -> 154006.42
A76: Всего за период с "01" января 2018 г. по "31"декабря 2018 г. выполнено работ (оказано услуг) на общую сумму 154 006,42 руб. (Сто пятьдесят четыре тысячи шесть рублей 42 копейки)
A78: Работы (услуги) выполнены (оказаны) полностью, в установленные сроки, с надлежащим качеством.
A79: Претензий по выполнению условий Договора Стороны друг к другу не имеют.
A80: Настоящий Акт составлен в 2-х экземплярах, имеющих одинаковую юридическую силу, по одному для каждой из Сторон.
A84: Подписи Сторон:
A86: Исполнитель - Директор ООО "ТРЭК" Плотников А.А. | C86: __________________________
A87: (должность, ФИО) | C87: (подпись)
A89: Заказчик - ____________________________________________________ | C89: __________________________
A90: (ФИО) | C90: (подпись)

Sheet 2019
A1: Отчет по бюджету № 75/20-2019
A3: Период: с 01.01.2019 по 31.12.2019 года.
A5: ОБЩИЕ СВЕДЕНИЯ ОБ ОБЪЕКТЕ
A6: Этажность | B6: 3 | C6: Общая жилая площадь, м2 | D6: 1032 | E6: Площадь кровли, м2 | F6: 643.4
A7: Количество подъездов | B7: 2 | C7: Площадь нежилых помещений, м2 | D7: 0 | E7: Площадь чердаков, м2 | F7: 415.1
A8: Количество квартир | B8: 18 | C8: Площадь л/ клеток, тамбуров, лифтов, м/камер, м2 | D8: 108.2 | E8: Площадь подвалов, м2 | F8: 166.2
A11: Наименование | F11: Значение
A12: Переходящие остатки денежных средств за выполненые работы (на начало периода; + резерв, - долг) | F12: -36138.254
A13: Задолженность по оплате за содержание и текущий ремонт общего имущества МКД (на начало периода) | F13: 3119.07
A14: Начислено за работы (услуги) по содержанию и текущему ремонту и аренду общего имущества МКД, в том числе: | F14: =SUM(F15:F17) -> 181476.24
A15: - за жилые помещения | F15: =173376.24+8100 -> 181476.24
A16: - за нежилые помещения
A17: - за рекламу и аренду общего имущества МКД
A18: Получено денежных средств, в т. ч: | F18: =SUM(F19:F21) -> 176588.77
A19: - за жилые помещения | F19: 176588.77
A20: - за нежилые помещения
A21: - за рекламу и аренду общего имущества МКД
A22: Всего денежных средств с учетом остатков | F22: =F12+F18 -> 140450.52
A23: Выполненные работы (оказанные услуги) по содержанию общего имущества и текущему ремонту в отчетном периоде | F23: =Лист3!E77 -> 165091.08
A24: Переходящие остатки денежных средств за выполненые работы (на конец периода; + резерв, - долг) | F24: =F22-F23 -> -24640.564
A25: Задолженность по оплате за содержание и текущий ремонт общего имущества МКД (на конец периода) | F25: =F13+F14-F18 -> 8006.54
A27: Директор ООО "ТРЭК" Плотников А.А. __________________
A28: Отчет составил: экономист Осипова М.С. _______________
A29: Отчет получил: ________________________________________________________
A30: Дата __________________

Sheet Лист3
A2: .
A3: АКТ № 75/20
A4: приемки оказанных услуг и (или) выполненных работ по содержанию
A5: и текущему ремонту общего имущества в многоквартирном доме
A6: г. Ангарск | E6: 31 марта 2020 г.
A8: Собственники помещений в многоквартином доме, расположенном по адресу: ________________________ , именуемые в дальнейшем "Заказчик", в лице ___________________________________________________________________________________,
A9: являющегося собственником квартиры № _____, находящейся в данном многоквартирном доме, действующего на основании протокола общего собрания собственников, с одной стороны, и управляющая компания ООО "ТРЭК", именуемая в дальнейшем
A10: "Исполнитель", в лице директора Плотникова А.А., действующего на основании Устава, с другой стороны, совместно именуемые "Стороны", составили настоящий акт о нижеследующем:
A11: 1. Исполнителем предъявлены к приемке следующие оказанные на основании договора управления многоквартирным домом или договора оказания услуг по содержанию и (или) выполнению работ по ремонту общего имущества в многоквартирном
A12: доме, либо договора подряда по выполнению работ по ремонту общего имущества в многоквартирном доме (указать нужное) № _______ от "____" ___________________ ______ г. (далее - "Договор") услуги и (или) выполненные работы по содержанию
A13: и текущему ремонту общего имущества в многоквартирном доме № _____, расположенном по адресу: ______________________:
A15: Наименование вида работы (услуги) | B15: Периодичность / количественный показатель выполненной работы (оказанной услуги) | C15: Единица измерения работы (услуги) | D15: Стоимость / сметная стоимость выполненной работы (оказанной услуги) за единицу | E15: Цена выполненной работы (оказанной услуги), в рублях
A16: Аварийное обслуживание
A17: Аварийное обслуживание | B17: Ежедневно | C17: руб. | D17: 0.13 | E17: 1609.92
A18: Благоустройство и обеспечение санитарного состояния МКД и придомовой територии
A19: Уборка придомовой территории и лестничных клеток | B19: По тарифу | C19: м2 | D19: =E19 -> 53862.37 | E19: 53862.37
A20: Уборка чердаков и подвалов | B20: По тарифу | C20: м2 | D20: =E20 -> 825.76 | E20: 825.76
A21: Услуги спец.техники по благоустройству (очистка наледи, снега) | B21: По факту | C21: руб. | D21: =E21 -> 568.17 | E21: 568.17
A22: Обслуживание газового оборудования
A23: Диагностирование газового оборудования | B23: По договору | C23: руб. | D23: =E23 -> 8100 | E23: 8100
A24: Техобслуживание газового оборудования | B24: По договору | C24: 16 стояков | D24: =E24 -> 1700 | E24: 1700
A25: Обслуживание и текущий ремонт инженерного оборудования
A26: Демонтаж- монтаж сгонов на подцепке радиатора: 20мм (перемотка) | B26: 1 | C26: 1 участок | D26: =E26/B26 -> 940.42 | E26: 940.42
A27: Демонтаж- монтаж сгонов у трубопроводов диаметром: 20мм (перемотка) | B27: 0.01 | C27: 100 шт. | D27: =E27/B27 -> 13124 | E27: 131.24
A28: Демонтаж- монтаж сгонов у трубопроводов диаметром: 25мм (перемотка) | B28: 0.01 | C28: 100 шт. | D28: =E28/B28 -> 19940 | E28: 199.4
A29: Приварка проушины | B29: 1 | C29: шт | D29: =E29/B29 -> 858.84 | E29: 858.84
A30: Регулировка температуры отопления в ИТП вентилями | B30: 1 | C30: шт | D30: =E30/B30 -> 303.61 | E30: 303.61
A31: Смена радиаторных пробок | B31: 4 | C31: шт | D31: =E31/B31 -> 166.475 | E31: 665.9
A32: Установка вентилей и клапанов обратных муфтовых д. до 15 мм (для предохр. клапана) | B32: 4 | C32: шт | D32: =E32/B32 -> 382.475 | E32: 1529.9
A33: Запуск потока воды: отопление, ГВС | B33: 5 | C33: 1 узел | D33: =E33/B33 -> 90.844 | E33: 454.22
A34: Запуск системы отопления. | B34: 1 | C34: 1 здание | D34: =E34/B34 -> 907.5 | E34: 907.5
A35: Осмотр и устранение мелких неисправностей на РХВ | B35: 1 | C35: шт | D35: =E35/B35 -> 150.94 | E35: 150.94
A36: Осмотр подъездов, подвального помещения - по жалобе | B36: 0.1 | C36: 1000 м2 | D36: =E36/B36 -> 3642.3 | E36: 364.23
A37: Осмотр системы центрального отопления, устройств в чердачных и подвальных помещениях. | B37: 0.1 | C37: 1000 м2 | D37: =E37/B37 -> 1791.3 | E37: 179.13
... A51: Установка промывочных вентилей диаметром: 32 мм | B51: 2 | C51: 1 участок | D51: =E51/B51 -> 2048.505 | E51: 4097.01
A52: Обслуживание и текущий ремонт конструктивных элементов
A53: Изготовление щита из доски б/у | B53: 0.008 | C53: 100 м2 | D53: =E53/B53 -> 19710 | E53: 157.68
A54: Ремонт отдельных частей металл. ограждения спорт. площадок | B54: 3.125 | C54: 1 м2 | D54: =E54/B54 -> 342.9792 | E54: 1071.81
A55: Устройство козырька над входом в подъезд | B55: 2 | C55: шт | D55: =E55/B55 -> 9517.605 | E55: 19035.21
A56: Закрытие слуховых окон и люков выхода на кровлю | B56: 0.2 | C56: 10 шт. | D56: =E56/B56 -> 2090.3 | E56: 418.06
A57: Осмотр квартир | B57: 0.01 | C57: 100 квартир | D57: =E57/B57 -> 27498 | E57: 274.98
A58: Осмотр кровли, чердака, подъездов, подвального помещения - весенний осмотр | B58: 0.689 | C58: 1000 м2 | D58: =E58/B58 -> 1814.4267 | E58: 1250.14
A59: Осмотр кровли, чердака, подъездов, подвального помещения -подготовка к зиме | B59: 0.689 | C59: 1000 м2 | D59: =E59/B59 -> 1834.4122 | E59: 1263.91
A60: Осмотр оголовков вентиляционных каналов с целью предотвращения их замерзания и закупорки в зимнее вр | B60: 0.3 | C60: 1000 м2 | D60: =E60/B60 -> 1917.8667 | E60: 575.36
A61: Очистка желобов от мусора: вручную (при расчете 1 кг. мусора = 3 м 1 желоба) | B61: 95 | C61: м | D61: =E61/B61 -> 52.498105 | E61: 4987.32
A62: Очистка канализационного стояка от наледи | B62: 12 | C62: 1 стояк | D62: =E62/B62 -> 214.67083 | E62: 2576.05
A63: Плановые проверки вентиляционных каналов и оголовков | B63: По графику | C63: 1000 м2 | D63: =E63 -> 1415.04 | E63: 1415.04
A64: Проверка исправности канализационных вытяжек | B64: 6 | C64: 1 кв | D64: =E64/B64 -> 239.50167 | E64: 1437.01
A65: Проверка исправности канализационных вытяжек (по жалобе) | B65: 0.6 | C65: 1000 м2 | D65: =E65/B65 -> 1937.0833 | E65: 1162.25
A66: Проверка наличия тяги в ДВ и вент. каналах | B66: 0.11 | C66: 1000 м2 | D66: =E66/B66 -> 1933.5455 | E66: 212.69
A67: Прогрев системы вентиляции | B67: 1 | C67: 1 стояк | D67: =E67/B67 -> 255.33 | E67: 255.33
A68: Прочистка вентиляционных каналов | B68: 0.04 | C68: 100 м | D68: =E68/B68 -> 11670.75 | E68: 466.83
A69: Смена дверных приборов: навесного замка | B69: 0.01 | C69: 100 приборов | D69: =E69/B69 -> 34027 | E69: 340.27
A70: Смена переходника фановой трубы | B70: 0.01 | C70: 100 шт. | D70: =E70/B70 -> 59342 | E70: 593.42
A71: Укладка (установка) щитов из доски б/у (без подгонки) | B71: 0.008 | C71: 100 м2 | D71: =E71/B71 -> 9405 | E71: 75.24
A72: Обслуживание и текущий ремонт электрооборудования жилых домов
A73: Обслуживание и текущий ремонт электрооборудования жилых домов | B73: По договору | C73: руб. | D73: =E73 -> 4261.08 | E73: 4261.08
A74: Работа с автовышки | B74: По факту | C74: 1 час | D74: =E74 -> 1100 | E74: 1100
A75: Услуги по управлению МКД
A76: Услуги по управлению МКД | B76: Ежедневно | C76: руб. | D76: =E76 -> 15008.28 | E76: =SUM(E16:E74)*10% -> 15008.28
A77: Итого: | E77: =SUM(E16:E76) -> 165091.08
A80: 2. Всего за период с "01"января 2019 г. по "31"декабря 2019 г. выполнено работ на общую сумму 165091.08 руб. (Сто шестьдесят пять тысяч девяносто один рубль 8 копеек)
A81: 3. Работы (услуги) выполнены (оказаны) полностью, в установленные сроки, с надлежащим качеством.
A82: 4. Претензий по выполнению условий Договора Стороны друг к другу не имеют.
A83: Настоящий акт составлен в 2-х экземплярах, имеющих одинаковую юридическую силу, по одному для каждой из Сторон.
A86: Исполнитель - Директор ООО "ТРЭК", Плотников А.А.
A87: _______________________________________________________ ____________________________________
D88: (подпись)
A90: Заказчик - ______________________________________________________ __________________________________
D91: (подпись)

Sheet 2020
A1: Отчет по бюджету № 75/20-2020,
A3: Период: с 01.01.2020 по 31.12.2020 года.
A5: ОБЩИЕ СВЕДЕНИЯ ОБ ОБЪЕКТЕ
A6: Этажность | B6: 3 | C6: Общая жилая площадь, м2 | D6: 1032 | E6: Площадь кровли, м2 | F6: 643.4
A7: Количество подъездов | B7: 2 | C7: Площадь нежилых помещений, м2 | D7: 0 | E7: Площадь чердаков, м2 | F7: 415.1
A8: Количество квартир | B8: 18 | C8: Площадь л/ клеток, тамбуров, лифтов, м/камер, м2 | D8: 108.2 | E8: Площадь подвалов, м2 | F8: 166.2
A11: Наименование | F11: Значение
A12: Переходящие остатки денежных средств за выполненые работы (на начало периода; + резерв, - долг) | F12: -24640.564
A13: Задолженность по оплате за содержание и текущий ремонт общего имущества МКД (на начало периода) | F13: 8006.54
A14: Начислено за работы (услуги) по содержанию и текущему ремонту и аренду общего имущества МКД, в том числе: | F14: =SUM(F15:F17) -> 173376.24
A15: - за жилые помещения | F15: 173376.24
A16: - за нежилые помещения
A17: - за рекламу и аренду общего имущества МКД
A18: Получено денежных средств, в т. ч: | F18: =SUM(F19:F21) -> 175030.39
A19: - за жилые помещения | F19: 175030.39
A20: - за нежилые помещения
A21: - за рекламу и аренду общего имущества МКД
A22: Всего денежных средств с учетом остатков | F22: =F12+F18 -> 150389.83
A23: Выполненные работы (оказанные услуги) по содержанию общего имущества и текущему ремонту в отчетном периоде | F23: =Лист1!E72 -> 297513.07
A24: Переходящие остатки денежных средств за выполненные работы (на конец периода; + резерв, - долг) | F24: =F22-F23 -> -147123.25
A25: Задолженность по оплате за содержание и текущий ремонт общего имущества МКД (на конец периода) | F25: =F13+F14-F18 -> 6352.39
A27: Директор ООО "ТРЭК" Плотников А.А. __________________
A28: Отчет составил: экономист Осипова М.С. _______________
A29: Отчет получил: ________________________________________________________
A30: Дата __________________

Sheet Лист1
A2: .
B3: АКТ № 75/20
A4: приемки оказанных услуг и (или) выполненных работ по содержанию
A5: и текущему ремонту общего имущества в многоквартирном доме
A6: г. Ангарск | E6: 31 марта 2021 г.
A8: Собственники помещений в многоквартином доме, расположенном по адресу: ________________________ , именуемые в дальнейшем "Заказчик", в лице ___________________________________________________________________________________,
A9: являющегося собственником квартиры № _____, находящейся в данном многоквартирном доме, действующего на основании протокола общего собрания собственников, с одной стороны, и управляющая компания ООО "ТРЭК", именуемая в дальнейшем
A10: "Исполнитель", в лице директора Плотникова А.А., действующего на основании Устава, с другой стороны, совместно именуемые "Стороны", составили настоящий акт о нижеследующем:
A11: 1. Исполнителем предъявлены к приемке следующие оказанные на основании договора управления многоквартирным домом или договора оказания услуг по содержанию и (или) выполнению работ по ремонту общего имущества в многоквартирном
A12: доме, либо договора подряда по выполнению работ по ремонту общего имущества в многоквартирном доме (указать нужное) № _______ от "____" ___________________ ______ г. (далее - "Договор") услуги и (или) выполненные работы по содержанию
A13: и текущему ремонту общего имущества в многоквартирном доме № _____, расположенном по адресу: ______________________:
A15: Наименование вида работы (услуги) | B15: Периодичность / количественный показатель выполненной работы (оказанной услуги) | C15: Единица измерения работы (услуги) | D15: Стоимость / сметная стоимость выполненной работы (оказанной услуги) за единицу | E15: Цена выполненной работы (оказанной услуги), в рублях
A16: Аварийное обслуживание
A17: Аварийное обслуживание | B17: Ежедневно | C17: руб. | D17: 0.13 | E17: 1609.92
A18: Благоустройство и обеспечение санитарного состояния МКД и придомовой територии
A19: Вывоз листвы и смета | B19: По факту | C19: м2 | D19: =E19 -> 153.36 | E19: 153.36
A20: Дезинфекция мест общего пользования МКД | B20: По факту | C20: м2 | D20: =E20 -> 2921.4 | E20: 2921.4
A21: Окраска известковыми составами: по кирпичу и бетону (бордюр. столбики, столбы) | B21: По факту | C21: 100 м2 | D21: =E21 -> 1243.47 | E21: 1243.47
A22: Уборка придомовой территории и лестничных клеток | B22: По тарифу | C22: м2 | D22: =E22 -> 56718.72 | E22: 56718.72
A23: Уборка чердаков и подвалов | B23: По тарифу | C23: м2 | D23: =E23 -> 164.96 | E23: 164.96
A24: Изготовление ключей
A25: Изготовление ключей | B25: По факту | C25: шт | D25: =E25 -> 270 | E25: 270
A26: Обслуживание газового оборудования
A27: Техобслуживание газового оборудования | B27: По договору | C27: 16 стояков | D27: =E27 -> 1910 | E27: 1910
A28: Обслуживание и текущий ремонт инженерного оборудования
A29: Демонтаж- монтаж сгонов на подцепке радиатора: 20мм (перемотка) | B29: 2 | C29: 1 участок | D29: =E29/B29 -> 1054.11 | E29: 2108.22
A30: Консервация системы отопления | B30: 1 | C30: 100 м | D30: =E30/B30 -> 724.61 | E30: 724.61
A31: Осмотр кровли,чердака,подъездов,подвала,фасада-после землетр-ия, в т.ч. рем-т выявленных повреждений | B31: По факту | C31: 1000 м2 | D31: =E31 -> 1381.81 | E31: 1381.81
A32: Проверка работ-ти запорной арматуры, устранение мелких неисправностей, проверка работы ПУ РХВ | B32: 0.01 | C32: 100 шт. | D32: =E32/B32 -> 30407 | E32: 304.07
A33: Запуск потока воды: отопление, ГВС, ХВС | B33: 4 | C33: 1 узел | D33: =E33/B33 -> 101.175 | E33: 404.7
A34: Запуск системы отопления. | B34: 1 | C34: 1 здание | D34: =E34/B34 -> 1012.36 | E34: 1012.36
A35: Осмотр подвальных помещений | B35: 0.17 | C35: 1000 м2 | D35: =E35/B35 -> 1813.7059 | E35: 308.33
A36: Осмотр подвальных помещений и выпуска при подпоре | B36: 1 | C36: 1 осмотр | D36: =E36/B36 -> 1107.17 | E36: 1107.17
A37: Осмотр СТО в чердачных и подвальных помещениях (весенний и осенний) | B37: 1.378 | C37: 1000 м2 | D37: =E37/B37 -> 2008.8752 | E37: 2768.23
A38: Очистка канализационной сети: внутренней | B38: 0.105 | C38: 100 м | D38: =E38/B38 -> 17460 | E38: 1833.3
A39: Перевод отопления с подачи на обратку или с обратки на подачу | B39: 6 | C39: узел | D39: =E39/B39 -> 252.445 | E39: 1514.67
A40: Перекрытие потока воды: отопление, ГВС, ХВС | B40: 4 | C40: 1 узел | D40: =E40/B40 -> 80.9 | E40: 323.6
A41: Перемотка сгона со сливом стояка | B41: 1 | C41: 1 соединение | D41: =E41/B41 -> 585.66 | E41: 585.66
A42: Подготовка элеваторного узла | B42: 1 | C42: шт | D42: =E42/B42 -> 4397.99 | E42: 4397.99
A43: Промывка трубопровода системы отопления | B43: 1 | C43: 1 здание | D43: =E43/B43 -> 8045.48 | E43: 8045.48
... A47: Уплотнение сгонов с применением льняной пряди или асбестового шнура (без разборки сгонов) | B47: 1 | C47: 1 соединение | D47: =E47/B47 -> 75.99 | E47: 75.99
A48: Обслуживание и текущий ремонт конструктивных элементов
A49: Окраска масляными составами по дереву: доски объявления | B49: 0.005 | C49: 100 м2 | D49: =E49/B49 -> 32956 | E49: 164.78
A50: Осмотр кровли,чердака,подъездов,подвала,фасада-после землетр-ия, в т.ч. рем-т выявленных повреждений | B50: По факту | C50: 1000 м2 | D50: =E50 -> 1506.16 | E50: 1506.16
A51: Постановка заклепок в местах соединения труб | B51: 0.12 | C51: 100 шт. | D51: =E51/B51 -> 4362.9167 | E51: 523.55
A52: Установка досок объявлений с изготовлением | B52: 0.01 | C52: 100 шт. | D52: =E52/B52 -> 53431 | E52: 534.31
A53: Установка частей водосточных труб (отметов) | B53: 0.01 | C53: 100 шт. | D53: =E53/B53 -> 16370 | E53: 163.7
A54: Установка частей водосточных труб с земли, лестниц и подмостей | B54: 0.022 | C54: 100 м | D54: =E54/B54 -> 27740.455 | E54: 610.29
A55: Устройство и разборка неинвентарных лесов | B55: 0.2 | C55: 100 м2 | D55: =E55/B55 -> 23768.7 | E55: 4753.74
A56: Закрытие подъездного окна | B56: 0.2 | C56: 10 шт. | D56: =E56/B56 -> 2250.35 | E56: 450.07
A57: Осмотр кровли, чердака, подъездов, подвального помещения - весенний осмотр | B57: 0.689 | C57: 1000 м2 | D57: =E57/B57 -> 2025.6168 | E57: 1395.65
A58: Осмотр кровли, чердака, подъездов, подвального помещения -подготовка к зиме | B58: 0.689 | C58: 1000 м2 | D58: =E58/B58 -> 2008.0987 | E58: 1383.58
A59: Очистка желобов от мусора: вручную (при расчете 1 кг. мусора = 3 м 1 желоба) | B59: 120 | C59: м | D59: =E59/B59 -> 58.173167 | E59: 6980.78
A60: Плановые проверки вентиляционных каналов и оголовков | B60: По плану | C60: 1000 м2 | D60: =E60 -> 2278.4 | E60: 2278.4
A61: Смена дверных приборов: пружин | B61: 0.02 | C61: 100 приборов | D61: =E61/B61 -> 40570.5 | E61: 811.41
A62: Укрепление дверных приборов: петли (шарниры), шпингалеты, ручки накладные | B62: 0.01 | C62: 100 шт. | D62: =E62/B62 -> 49046 | E62: 490.46
A63: Обслуживание и текущий ремонт электрооборудования жилых домов
A64: Обслуживание и текущий ремонт электрооборудования жилых домов | B64: По договору | C64: руб. | D64: =E64 -> 2981.74 | E64: 2981.74
A65: Расходы на истребование задолженности по оплате жилых помещений. Содержание информационных систем
A66: Содержание информационных систем, обеспечивающих сбор, обработку и хранение данных | B66: По факту | C66: руб. | D66: =E66 -> 247.68 | E66: 247.68
A67: Текущий ремонт
A68: Замена почтовых ящиков | B68: По плану | C68: шт | D68: =E68 -> 10942.82 | E68: 10942.82
A69: Ремонт подъезда | B69: По плану | C69: шт | D69: =E69 -> 132265.37 | E69: 132265.37
A70: Услуги по управлению МКД
A71: Услуги по управлению МКД | B71: Ежедневно | C71: руб. | D71: =E71 -> 27046.643 | E71: =SUM(E16:E69)*10% -> 27046.643
A72: Итого: | E72: =SUM(E16:E71) -> 297513.07
A75: 2. Всего за период с "01"января 2020 г. по "31"декабря 2020 г. выполнено работ на общую сумму 297513.07 руб. (Двести девяносто семь тысяч пятьсот тринадцать рублей 7 копеек)
A76: 3. Работы (услуги) выполнены (оказаны) полностью, в установленные сроки, с надлежащим качеством.
A77: 4. Претензий по выполнению условий Договора Стороны друг к другу не имеют.
A78: Настоящий акт составлен в 2-х экземплярах, имеющих одинаковую юридическую силу, по одному для каждой из Сторон.
A81: Исполнитель - Директор ООО "ТРЭК", Плотников А.А.
A82: _______________________________________ ____________________________________
D83: (подпись)
A85: Заказчик - ________________________________________ __________________________________
D86: (подпись)

Sheet 2021
A1: Отчет по бюджету № 75/20-2021
A3: Период: с 01.01.2021 по 31.12.2021 года.
A5: ОБЩИЕ СВЕДЕНИЯ ОБ ОБЪЕКТЕ
A6: Этажность | B6: 3 | C6: Общая жилая площадь, м2 | D6: 1032 | E6: Площадь кровли, м2 | F6: 643.4
A7: Количество подъездов | B7: 2 | C7: Площадь нежилых помещений, м2 | D7: 0 | E7: Площадь чердаков, м2 | F7: 415.1
A8: Количество квартир | B8: 18 | C8: Площадь л/ клеток, тамбуров, лифтов, м/камер, м2 | D8: 108.2 | E8: Площадь подвалов, м2 | F8: 166.2
A11: Наименование | F11: Значение
A12: Переходящие остатки денежных средств за выполненые работы (на начало периода; + резерв, - долг) | F12: -147123.25
A13: Задолженность по оплате за содержание и текущий ремонт общего имущества МКД (на начало периода) | F13: 6352.39
A14: Начислено за работы (услуги) по содержанию и текущему ремонту и аренду общего имущества МКД, в том числе: | F14: =SUM(F15:F17) -> 189129.8
A15: - за жилые помещения | F15: 178329.8
A16: - за нежилые помещения
A17: - за рекламу и аренду общего имущества МКД | F17: 10800
A18: Получено денежных средств, в т. ч: | F18: =SUM(F19:F21) -> 180149.45
A19: - за жилые помещения | F19: 169349.45
A20: - за нежилые помещения
A21: - за рекламу и аренду общего имущества МКД | F21: 10800
A22: Всего денежных средств с учетом остатков | F22: =F12+F18 -> 33026.203
A23: Выполненные работы (оказанные услуги) по содержанию общего имущества и текущему ремонту в отчетном периоде | F23: 172590.29
A24: Переходящие остатки денежных средств за выполненные работы (на конец периода; + резерв, - долг) | F24: =F22-F23 -> -139564.09
A25: Задолженность по оплате за содержание и текущий ремонт общего имущества МКД (на конец периода) | F25: =F13+F14-F18 -> 15332.74
A27: Директор ООО "ТРЭК" Плотников А.А. __________________
A28: Отчет составил: экономист _______________
A29: Отчет получил: ________________________________________________________
A30: Дата __________________

Sheet акт21
A2: .
A3: АКТ № 75/20
A4: приемки оказанных услуг и (или) выполненных работ по содержанию
A5: и текущему ремонту общего имущества в многоквартирном доме
A6: г. Ангарск | E6: 31 марта 2022 г.
A8: Собственники помещений в многоквартином доме, расположенном по адресу: ________________________ , именуемые в дальнейшем "Заказчик", в лице ___________________________________________________________________________________,
A9: являющегося собственником квартиры № _____, находящейся в данном многоквартирном доме, действующего на основании протокола общего собрания собственников, с одной стороны, и управляющая компания ООО "ТРЭК", именуемая в дальнейшем
A10: "Исполнитель", в лице директора Плотникова А.А., действующего на основании Устава, с другой стороны, совместно именуемые "Стороны", составили настоящий акт о нижеследующем:
A11: 1. Исполнителем предъявлены к приемке следующие оказанные на основании договора управления многоквартирным домом или договора оказания услуг по содержанию и (или) выполнению работ по ремонту общего имущества в многоквартирном
A12: доме, либо договора подряда по выполнению работ по ремонту общего имущества в многоквартирном доме (указать нужное) № _______ от "____" ___________________ ______ г. (далее - "Договор") услуги и (или) выполненные работы по содержанию
A13: и текущему ремонту общего имущества в многоквартирном доме № _____, расположенном по адресу: ______________________:
A15: Наименование вида работы (услуги) | B15: Периодичность / количественный показатель выполненной работы (оказанной услуги) | C15: Единица измерения работы (услуги) | D15: Стоимость / сметная стоимость выполненной работы (оказанной услуги) за единицу | E15: Цена выполненной работы (оказанной услуги), в рублях
A16: Аварийное обслуживание
A17: Аварийное обслуживание | B17: Ежедневно | C17: руб. | D17: 0.14 | E17: 1733.76
A18: Благоустройство и обеспечение санитарного состояния МКД и придомовой територии
A19: Услуги по вывозу и утилизации листвы, веток, деревьев, скошенной травы , смета и др. | B19: По факту | C19: руб. | D19: =E19 -> 277.18 | E19: 277.18
A20: Услуги спец.техники по благоустройству (очистка наледи, снега) | B20: По факту | C20: руб. | D20: =E20 -> 1345.9 | E20: 1345.9
A21: Ручная односторонняя сварка деталей контейнера из листовой стали | B21: По факту | C21: 10 м | D21: =E21 -> 126.09 | E21: 126.09
A22: Уборка придомовой территории и лестничных клеток | B22: По тарифу | C22: м2 | D22: =E22 -> 56718.72 | E22: 56718.72
A23: Уборка чердаков и подвалов | B23: По тарифу | C23: м2 | D23: =E23 -> 990.72 | E23: 990.72
A24: Обслуживание и текущий ремонт инженерного оборудования
A25: Установка манометров | B25: 2 | C25: шт | D25: =E25/B25 -> 750.135 | E25: 1500.27
A26: Установка термометра | B26: 2 | C26: комплект | D26: =E26/B26 -> 301.125 | E26: 602.25
A27: Вскрытие элеваторов со снятием с места и замером сопла (прим) | B27: 0.01 | C27: 100 шт. | D27: =E27/B27 -> 77585 | E27: 775.85
A28: Запуск потока воды: отопление, ГВС, ХВС | B28: 2 | C28: 1 узел | D28: =E28/B28 -> 97.48 | E28: 194.96
A29: Запуск системы отопления. | B29: 1 | C29: 1 здание | D29: =E29/B29 -> 1005.22 | E29: 1005.22
A30: Опрессовка ТУ диаметром: до 100 мм | B30: 1 | C30: 100 м | D30: =E30/B30 -> 725.48 | E30: 725.48
A31: Осмотр и устранение мелких неисправностей на РХВ | B31: 1 | C31: шт | D31: =E31/B31 -> 149.54 | E31: 149.54
A32: Осмотр СТО | B32: 0.02 | C32: 100 квартир | D32: =E32/B32 -> 30163.5 | E32: 603.27
A33: Осмотр СТО в чердачных и подвальных помещениях (весенний и осенний) | B33: =0.689*2 -> 1.378 | C33: 1000 м2 | D33: =E33/B33 -> 2020.6241 | E33: =1402.77+1381.65 -> 2784.42
A34: Осмотр, замеры, опломбировка ПУ Т/У с представителем | B34: 0.01 | C34: 100 шт. | D34: =E34/B34 -> 28709 | E34: 287.09
A35: Осмотр, проверка работы приборов ИТП, РХВ | B35: 2 | C35: шт | D35: =E35/B35 -> 426.21 | E35: 852.42
A36: Отключение системы отопления | B36: 1 | C36: 1 здание | D36: =E36/B36 -> 611.75 | E36: 611.75
A37: Перевод отопления с подачи на обратку или с обратки на подачу | B37: 3 | C37: узел | D37: =E37/B37 -> 253.75667 | E37: 761.27
A38: Перекрытие потока воды: отопление, ГВС, ХВС | B38: 2 | C38: 1 узел | D38: =E38/B38 -> 78.12 | E38: 156.24
A39: Подготовка элеваторного узла Д-50 к зиме | B39: 1 | C39: шт | D39: =E39/B39 -> 4474.11 | E39: 4474.11
A40: Промывка трубопровода системы отопления | B40: 1 | C40: 1 здание | D40: =E40/B40 -> 7332.6 | E40: 7332.6
A41: Сдача ИТП представителю энергоснабжающей организации | B41: 1 | C41: 1 ИТП | D41: =E41/B41 -> 825.55 | E41: 825.55
A42: Сдача РХВ представителю водоканала, составление акта | B42: 1 | C42: 1 ИТП | D42: =E42/B42 -> 598.84 | E42: 598.84
A43: Снятие и запись замера в наряде (ИТП,РХВ) | B43: 35 | C43: 1 ИТП | D43: =E43/B43 -> 302.28914 | E43: 10580.12
A44: Обслуживание и текущий ремонт конструктивных элементов
A45: Заделка подвальных окон: (изовером, пенопропиленом и тд) | B45: 0.05 | C45: 10 м2 | D45: =E45/B45 -> 4508.4 | E45: 225.42
A46: Изготовление щита из доски б/у | B46: 0.023 | C46: 100 м2 | D46: =E46/B46 -> 22057.826 | E46: 507.33
A47: Окраска контейнера | B47: По факту | C47: 100 м2 | D47: =E47 -> 181.57 | E47: 181.57
A48: Окраска масляными составами по дереву: доски объявления | B48: 0.01 | C48: 100 м2 | D48: =E48/B48 -> 32866 | E48: 328.66
A49: Установка досок объявлений с изготовлением | B49: 0.02 | C49: 100 шт. | D49: =E49/B49 -> 53268.5 | E49: 1065.37
A50: Закрытие подвальных окон и люков (прим) | B50: 0.1 | C50: 10 шт. | D50: =E50/B50 -> 2300.1 | E50: 230.01
A51: Осмотр квартир | B51: 0.02 | C51: 100 квартир | D51: =E51/B51 -> 31730 | E51: 634.6
A52: Осмотр кровли, чердака, подъездов, подвального помещения - весенний осмотр | B52: 0.689 | C52: 1000 м2 | D52: =E52/B52 -> 2011.9448 | E52: 1386.23
A53: Осмотр кровли, чердака, подъездов, подвального помещения - осенний осмотр | B53: 0.68 | C53: 1000 м2 | D53: =E53/B53 -> 2022.1176 | E53: 1375.04
A54: Осмотр оголовков вент. каналов с целью предотвращения закупорки в зимнее время с записью в спец. жур | B54: 1.287 | C54: 1000 м2 | D54: =E54/B54 -> 610.34965 | E54: 785.52
A55: Очистка желобов от мусора: вручную (при расчете 1 кг. мусора = 3 м 1 желоба) | B55: 90 | C55: м | D55: =E55/B55 -> 57.092889 | E55: 5138.36
A56: Проверка исправности вент. каналов, правильного расположения оголовков относ. крыши и наличия тяги | B56: 1.058 | C56: 1000 м2 | D56: =E56/B56 -> 1205.2457 | E56: 1275.15
A57: Укладка (установка) щитов | B57: 0.023 | C57: 100 м2 | D57: =E57/B57 -> 16203.913 | E57: 372.69
A58: Обслуживание и текущий ремонт электрооборудования жилых домов
A59: Обслуживание и текущий ремонт электрооборудования жилых домов | B59: По договору | C59: руб. | D59: =E59 -> 3641.5 | E59: 3641.5
A60: Обслуживание газового оборудования
A61: Техобслуживание газового оборудования | B61: По договору | C61: 16 стояков | D61: =E61 -> 1910 | E61: 1910
A62: Обслуживание ОДПУ
A63: Техническое обслуживание ОДПУ | B63: По договору | C63: руб. | D63: =E63 -> 3600 | E63: 3600
A64: Техническое обслуживание ОДПУ (кор-ка за 2020 год) | B64: По договору | C64: руб. | D64: =E64 -> 900 | E64: 900
A65: Расходы на истребование задолженности по оплате жилых помещений. Содержание информационных систем
A66: Содержание информационных систем, обеспечивающих сбор, обработку и хранение данных | B66: По факту | C66: руб. | D66: =E66 -> 241.49 | E66: 241.49
A67: Текущий ремонт
A68: Ремонт крыльца | B68: По плану | C68: шт | D68: =E68 -> 25292.4 | E68: 25292.4 | G68: 900
A69: Ремонт тамбура | B69: По плану | C69: шт | D69: =E69 -> 11795.3 | E69: 11795.3 | F69: =SUM(E17:E69) -> 156900.26 | G69: 156000.29
A70: Услуги по управлению МКД | G70: =SUM(G68:G69) -> 156900.29
A71: Услуги по управлению МКД | B71: Ежедневно | C71: руб. | D71: =E71 -> 15690.026 | E71: =SUM(E17:E69)*10% -> 15690.026
A72: Итого: | E72: =F69+E71 -> 172590.29
A75: 2. Всего за период с "01"января 2021 г. по "31"декабря 2021 г. выполнено работ на общую сумму | E75: =E72 -> 172590.29
A76: =[1]!Сумма_прописью(E75) -> Сто семьдесят две тысячи пятьсот девяносто рублей 29 копеек.
A77: 3. Работы (услуги) выполнены (оказаны) полностью, в установленные сроки, с надлежащим качеством.
A78: 4. Претензий по выполнению условий Договора Стороны друг к другу не имеют.
A79: Настоящий акт составлен в 2-х экземплярах, имеющих одинаковую юридическую силу, по одному для каждой из Сторон.
A81: Подписи Сторон:
A82: Исполнитель - Директор ООО "ТРЭК", Плотников А.А.
A83: ____________________________________________________ ____________________________________
D84: (подпись)
A86: Заказчик - ________________________________________ __________________________________
D87: (подпись)
